 Dungeon Crawl Stone Soup version 0.27-a0-1139-g28e009f8a6 (webtiles) character file.

Game seed: 12809421836757596893

33 Zeld the Skirmisher (level 3, 0/26 HPs)
             Began as an Octopode Fighter on May 7, 2021.
             Slain by a goblin
             ... wielding a +0 club
             ... led by Robin
              (3 damage)
             ... on level 2 of the Dungeon.
             The game lasted 00:01:22 (1009 turns).

Zeld the Skirmisher (Octopode Fighter)              Turns: 1009, Time: 00:01:22

Health: 0/26       AC:  1    Str: 16    XL:     3   Next: 29%
Magic:  3/3        EV: 11    Int: 10    God:
Gold:   57         SH:  8    Dex: 11    Spells: 2/2 levels left

rFire    . . .     SeeInvis .   a - +0 war axe
rCold    . . .     Faith    .   b - +0 kite shield
rNeg     . . .     Spirit   .   (helmet restricted)
rPois    .         Reflect  .   (no amulet)
rElec    .         Harm     .   (no ring)
rCorr    .         Rampage  .   (no ring)
Will     .....                  (no ring)
Stlth    ++........             (no ring)
HPRegen  0.08/turn              (no ring)
MPRegen  0.08/turn              (no ring)
                                (no ring)
                                (no ring)

@: no status effects
A: almost no armour, amphibious, 8 rings, camouflage 1, gelatinous body 1,
(nimble swimmer 1), tentacles
a: no special abilities


You were on level 2 of the Dungeon.
You visited 1 branch of the dungeon, and saw 2 of its levels.

You collected 57 gold pieces.

Inventory:

Hand Weapons
 a - a +0 war axe (weapon)
Missiles
 g - 19 poisoned darts (quivered)
Armour
 b - a +0 kite shield (worn)
Wands
 h - a wand of flame (10)
Scrolls
 d - a scroll of identify {unknown}
 e - a scroll of enchant weapon {unknown}
Potions
 c - a potion of might
 f - a potion of haste {unknown}


   Skills:
 - Level 3.1 Fighting
 - Level 2.1 Axes
 * Level 2.4 Throwing
 - Level 3.0 Dodging
 - Level 3.1 Shields


You had 2 spell levels left.
You didn't know any spells.
Your spell library was empty.

Dungeon Overview and Level Annotations

Branches:
Dungeon (2/15)

Altars:


Innate Abilities, Weirdness & Mutations

You cannot wear most types of armour.
You are amphibious.
You can wear up to eight rings at the same time.
Your skin changes colour to match your surroundings (Stealth+).
Your rubbery body absorbs attacks. (AC +1, EV +1)
((You are camouflaged near water. (Stealth+)))
You have tentacles for arms and can constrict up to eight enemies at once.


Message History

Robin is heavily wounded.
You constrict Robin. Robin hits you with a +0 short sword.
A goblin comes into view. It is wielding a +0 club.
Robin throws the goblin at you! The goblin completely misses you.
The goblin shouts!
You hit Robin. You squeeze Robin, but do no damage.
Robin is almost dead.
You hit the goblin. You constrict Robin.
You kill Robin!
The goblin hits you with a +0 dagger. The goblin closely misses you.
Your Throwing skill increases to level 2!
You have reached level 3!
Your experience leads to an increase in your attributes!
Increase (S)trength, (I)ntelligence, or (D)exterity?
You feel stronger.
Unknown command.
You are too injured to fight recklessly!
You slash the goblin!
You kill the goblin!
You hit the goblin. The goblin hits you with a +0 club.
* * * LOW HITPOINT WARNING * * *
You block the goblin's attack.
Unknown command.
Items here: )) ††.
A hobgoblin comes into view.
Press: ? - help, v - describe, . - travel
Here: a goblin, wielding a +0 club (strong)
The floor.
The goblin no longer looks unusually strong.
The goblin barely misses you. You block the goblin's attack.
You hit the goblin. Your grab misses the goblin.
Your squeeze misses the goblin.
The goblin is severely wounded.
The goblin hits you with a +0 club.
* * * LOW HITPOINT WARNING * * *
You barely miss the goblin. Your grab misses the goblin.
The goblin is severely wounded.
The goblin hits you with a +0 club.
You die...

#...#...#...#...#
.######.#...#.#.#...#.#
........#...#.#.#...#.#
#...#...#...#...#
#.#.#.#...#.#.#.#
#.#############.# #.#
#.# #.#..# #g# #.#
#...## #@#####.# #.###
#.#.....# #.#
.########.#.########.#
.........#.#g).)....#
#.........#.########
+.........# ##.###
###........## ....(.
..#........# ##.###
#.#........#


You could see a goblin.

Vanquished Creatures
  Robin (D:2)
  A dart slug (D:2)
  2 ball pythons (D:1)
  3 endoplasms
  A giant cockroach (D:1)
  4 goblins
  3 hobgoblins
  A quokka (D:1)
  2 rats (D:1)
18 creatures vanquished.

Notes
Turn   | Place    | Note
-------+----------+-------------------------------------------
     0 | D:1      | Zeld the Octopode Fighter began the quest for the Orb.
     0 | D:1      | Reached XP level 1. HP: 16/16 MP: 1/1
   346 | D:1      | Reached XP level 2. HP: 20/21 MP: 2/2
   441 | D:1      | Reached skill level 1 in Throwing
   648 | D:1      | Found a faded altar of an unknown god.
   971 | D:2      | Noticed Robin
   976 | D:2      | Killed Robin
   977 | D:2      | Reached XP level 3. HP: 9/26 MP: 3/3
  1009 | D:2      | Slain by a goblin

Illustrated notes

Levels and vault maps discovered:
D:1:      dpeg_arrival_tiny_d, layout_basic, basic_ecumenical_altar
D:2:      layout_basic, minmay_misc_feat_alley, uniq_robin, uniq_jessica

Skill      XL: |  1  2 |
---------------+-------+-----
Throwing       | 2 |  2.4
Fighting       | |  3.1
Axes           | |  2.1
Dodging        | |  3.0
Shields        | |  3.1

Action                   || total
-------------------------++-------
Melee: War axe           ||    32
       Tentacles         ||     9
       Constrict         ||     6
 Stab: Sleeping          ||     1
Armor: Skin              ||     3
Dodge: Dodged            ||    10
Block: Kite shield       ||    16

Table legend: (Time is in decaauts)
 A = Elapsed time spent in this place.
 B = Non-inter-level travel time spent in this place.
 C = Inter-level travel time spent in this place.
 D = Time resting spent in this place.
 E = Time spent auto-exploring this place.
 F = Levels seen in this place.
 G = Mean time per level.
                   A        B        C        D        E       F      G
               +--------+--------+--------+--------+--------+-----+--------+
         Total |   1028 |    986 |     42 |      0 |    833 |   2 |  514.0 |
       Dungeon |   1028 |    986 |     42 |      0 |    833 |   2 |  514.0 |
               +--------+--------+--------+--------+--------+-----+--------+

Top non-repeatable levels by time:
     D:1: 712 daAuts
     D:2: 316 daAuts
